 Dungeon Crawl Stone Soup version 0.28.0-53-g5a82cb258f (webtiles) character file.

Game seed: 14103400903901997854

61 moldycheese5 the Grave Robber (level 3, -3/19 HPs)
             Began as a Deep Elf Necromancer on June 17, 2022.
             Killed from afar by an orc wizard (6 damage)
             ... with a puff of flame
             ... on level 3 of the Dungeon.
             The game lasted 00:03:54 (2777 turns).

moldycheese5 the Grave Robber (DENe)                Turns: 2777, Time: 00:03:55

Health: -3/19      AC:  5    Str:  5    XL:     3   Next: 83%
Magic:  2/10       EV: 12    Int: 21    God:
Gold:   87         SH:  0    Dex: 15    Spells: 9/10 levels left

rFire   . . .      SeeInvis .   (no weapon)
rCold   + . .      Faith    .   (no shield)
rNeg    . . .      Spirit   .   a - +0 robe
rPois   .          Reflect  .   f - +2 helmet
rElec   .          Harm     .   (no cloak)
rCorr   .          Rampage  .   (no gloves)
Will    .....                   (no boots)
Stlth   +.........              (no amulet)
HPRegen 0.06/turn               j - ring of protection from cold
MPRegen 0.12/turn               (no ring)

@: confused
A: no striking features
a: no special abilities


You were on level 3 of the Dungeon.
You visited 1 branch of the dungeon, and saw 3 of its levels.

You collected 87 gold pieces.

Inventory:

Armour
 a - a +0 robe (worn)
 f - a +2 helmet (worn)
Jewellery
 j - a ring of protection from cold (left hand)
Scrolls
 b - a scroll of fog {unknown}
 d - a scroll of immolation {unknown}
 e - a scroll of silence {unknown}
 g - a scroll of blinking {unknown}
Potions
 c - a potion of haste {unknown}
 h - a potion of might {unknown}
 i - a potion of heal wounds {unknown}


   Skills:
 + Level 2.5 Dodging
 + Level 2.6 Stealth
 + Level 4.2 Spellcasting
 + Level 5.9 Necromancy


You had 9 spell levels left.
You knew the following spells:

 Your Spells              Type           Power      Damage    Failure   Level
a - Pain                  Necr           100%       1d9       1%          1

Your spell library contained the following spells:

 Spells                   Type           Power      Damage    Failure   Level
 Animate Skeleton         Necr           58%        N/A       1%          1
 Vampiric Draining        Necr           29%        2d8       3%          3
 Animate Dead             Necr           14%        N/A       10%         4
 Agony                    Necr           29%        N/A       28%         5


Dungeon Overview and Level Annotations

Branches:
Dungeon (2/15)

Altars:


Message History

The magic dart hits you.
The orc wizard barely resists.
A rat comes into view.
The orc writhes in agony!
You kill the orc!
An orc comes into view. It is wielding a +0 trident.
The orc wizard writhes in agony!
The orc shouts!
The orc wizard writhes in agony.
You kill the orc wizard!
Your Spellcasting skill increases to level 4!
Something writhes in agony.
A dart slug comes into view.
You are too injured to fight recklessly!
You are too injured to fight recklessly!
You are too injured to fight recklessly!
You are too injured to fight recklessly!
Something hits you.
* * * LOW HITPOINT WARNING * * *
You are too injured to fight recklessly!
You are too injured to fight recklessly!
You are too injured to fight recklessly!
Aiming: Pain (safe; 1% risk of failure)
Press: ? - help, Q - select action Shift-Dir - straight line, f/p - orc
Aim: an orc, wielding a +0 trident and wearing a +0 chain mail (chance to affect: 93%) Nothing appears to happen.
Something hits you but does no damage.
The rat twitches its whiskers.
You hear some strange, mumbled words.
You are confused.
The orc closely misses you.
You miss something.
You hear some strange, mumbled words.
Something tries to affect you, but you resist.
The orc hits you from afar with a +0 trident.
* * * LOW HITPOINT WARNING * * *
You hear some strange, mumbled words.
A puff of flame appears from out of thin air!
The puff of flame hits you.
You die...

###+####
#......#####.#
+......w)o.r.w
#......#####.#
#......#
#......#
#...Zor#
#....{.+
#.....@#
#......#
########


You could see a dart slug, an orc, a rat and a centaur skeleton.

Vanquished Creatures
  An orc wizard (D:3)
  An adder (D:2)
  A dart slug (D:1)
  An orc (D:3)
  A bat (D:1)
  4 endoplasms (D:1)
  2 giant cockroaches (D:1)
  2 goblins (D:1)
  3 hobgoblins (D:1)
  2 ball pythons
  3 frilled lizards
  A kobold (D:1)
  2 rats (D:1)
24 creatures vanquished.

Notes
Turn   | Place    | Note
-------+----------+-------------------------------------------
     0 | D:1      | moldycheese5 the Deep Elf Necromancer began the quest for
                  | the Orb.
     0 | D:1      | Reached XP level 1. HP: 10/10 MP: 6/6
   167 | D:1      | Reached skill level 5 in Necromancy
   260 | D:1      | Found a faded altar of an unknown god.
   883 | D:1      | Reached XP level 2. HP: 14/15 MP: 6/8
  2490 | D:2      | Reached XP level 3. HP: 13/19 MP: 3/10
  2749 | D:2      | You fall into a shaft and drop 1 floor!
  2777 | D:3      | Killed from afar by an orc wizard

Illustrated notes

Levels and vault maps discovered:
D:1:      minmay_arrival_four_loops, layout_loops_corners,
          hellmonk_ecumenical_altar_pennies_from_heaven
D:2:      layout_basic, grunt_ministairs_12
D:3:      layout_basic, cheibrodos_sewer_entry_sluice

Skill      XL: |  1  2  3 |
---------------+----------+-----
Necromancy     | 5 |  5.9
Spellcasting   | 4 |  4.2
Dodging        | |  2.5
Stealth        | |  2.6

Action                   || total
-------------------------++-------
Melee: Unarmed           ||     2
 Cast: Pain              ||    50
Armor: Robe              ||     3
Dodge: Dodged            ||     9
